 Dungeon Crawl Stone Soup version 0.21.1-1-g345015f (webtiles) character file.

896 shakethe the Cleaver (level 8, -9/71 HPs)
             Began as a Hill Orc Gladiator on Feb 26, 2018.
             Was an Initiate of Okawaru.
             Killed by nerve-wracking pain
             ... invoked by Grinder
              (14 damage)
             ... on level 3 of the Dungeon.
             The game lasted 00:07:34 (4717 turns).

shakethe the Cleaver (Hill Orc Gladiator)           Turns: 4717, Time: 00:07:34

Health: -9/71      AC:  6    Str: 17    XL:     8   Next: 7%
Magic:  8/8        EV: 11    Int: 10    God:    Okawaru [......]
Gold:   193        SH:  0    Dex: 12    Spells: 7/7 levels left

rFire    + . .     SeeInvis .   a - +0 war axe
rCold    . . .     Gourm    .   (no shield)
rNeg     . . .     Faith    .   p - +0 ring mail
rPois    .         Spirit   .   c - +0 helmet
rElec    .         Reflect  .   (no cloak)
rCorr    .         Harm     .   (no gloves)
MR       .....                  (no boots)
Stlth    +.........             (no amulet)
HPRegen  0.21/turn              q - ring of protection from fire {rF+, !d}
MPRegen  0.11/turn              (no ring)

@: flying, hasted, very quick
A: no striking features
a: Renounce Religion


You were on level 3 of the Dungeon.
You worshipped Okawaru.
Okawaru was noncommittal.
You were hungry.

You visited 2 branches of the dungeon, and saw 5 of its levels.

You collected 193 gold pieces.

Inventory:

Hand Weapons
 a - a +0 war axe (weapon)
 C - a +0 war axe
   (You found it on level 4 of the Dungeon)
Missiles
 d - 3 throwing nets {=f, !d}
Armour
 c - a +0 helmet (worn)
 p - a +0 ring mail (worn)
   (You found it on level 1 of the Dungeon)
Jewellery
 q - a ring of protection from fire (left hand) {rF+, !d}
   (You found it on level 1 of the Dungeon)
 s - an uncursed ring of protection from fire {rF+, !d}
   (You found it on level 2 of the Dungeon)
Wands
 y - a wand of flame (19)
   (You took it off Robin on level 4 of the Dungeon)
Scrolls
 b - 6 scrolls of identify
 g - a scroll of fog {unknown}
 h - 2 scrolls of teleportation {unknown}
 i - 2 scrolls of enchant weapon {unknown}
 k - 2 scrolls of blinking {unknown}
 l - 2 scrolls of remove curse {unknown}
 t - a scroll of magic mapping {unknown}
 u - 2 scrolls of immolation {unknown}
 w - a scroll of amnesia {unknown}
 x - a scroll of noise {unknown}
Potions
 e - a potion of agility {unknown}
 j - 2 potions of lignification {unknown}
 m - a potion of ambrosia {unknown}
 n - 3 potions of haste
 o - a potion of flight
 v - a potion of resistance {unknown}
 z - a potion of degeneration {unknown}
 A - a potion of curing
 B - a potion of mutation {unknown}
Comestibles
 f - 6 rations


   Skills:
 + Level 6.5 Fighting
 * Level 10.2 Axes
 - Level 1.7 Throwing
 - Level 2.4 Dodging


You had 7 spell levels left.
You didn't know any spells.

Dungeon Overview and Level Annotations

Branches:
Dungeon (4/15)             Temple (1/1) D:4

Altars:
Cheibriados
Dithmenos
Fedhas
Gozag
Kikubaaqudgha
Makhleb
Nemelex Xobeh
Okawaru
Qazlal
Ru
Sif Muna
Uskayaw
Wu Jian
Xom
Yredelemnul
Zin

Annotations:
D:3 Grinder


Message History

Grinder comes into view.
Grinder blinks!
Found an escape hatch in the ceiling.
Okay, then.
You are feeling hungry.
Grinder gestures at you. Pain shoots through your body!
You take 10 damage, and have 61/71 hp.
Grinder hits you.
You writhe in agony.
You take 4 damage, and have 57/71 hp.
You closely miss Grinder.
Grinder grins, showing sharp teeth.
Grinder hits you.
You take 4 damage, and have 53/71 hp.
You barely miss Grinder.
Grinder says, "Just stop there for a second..."
Grinder hits you.
You writhe in agony.
You take 2 damage, and have 51/71 hp.
You hit Grinder. Grinder gestures at you. Pain shoots through your body!
You take 6 damage, and have 45/71 hp.
You closely miss Grinder. Grinder hits you!
You writhe in agony.
You take 11 damage, and have 34/71 hp.
You hit Grinder. Grinder hits you.
You writhe in agony.
You take 10 damage, and have 24/71 hp.
Okay, then.
Grinder hits you but does no damage.
There is an escape hatch in the ceiling here.
You slash Grinder! Grinder gestures at you.
You struggle to resist.
You hit Grinder but do no damage. Grinder closely misses you.
You closely miss Grinder. Grinder barely misses you.
You hit Grinder. Grinder hits you.
You writhe in agony.
You take 3 damage, and have 22/71 hp.
You slash Grinder!
Grinder drinks a potion.
Grinder is healed!
You completely miss Grinder. Grinder hits you.
* * * LOW HITPOINT WARNING * * *
You take 1 damage, and have 21/71 hp.
You hit Grinder. Grinder gestures at you. Pain shoots through your body!
* * * LOW HITPOINT WARNING * * *
You take 13 damage, and have 8/71 hp.
You feel much better. Grinder hits you!
You writhe in agony.
You regained 23 hp, and now have 31/71 hp.
You barely miss Grinder. Grinder hits you.
You take 4 damage, and have 27/71 hp.
You barely miss Grinder. Grinder hits you.
You writhe in agony.
You take 5 damage, and have 22/71 hp.
You barely miss Grinder. Grinder closely misses you.
You hit Grinder. Grinder hits you!
* * * LOW HITPOINT WARNING * * *
You writhe in agony.
* * * LOW HITPOINT WARNING * * *
You take 14 damage, and have 9/71 hp.
You barely miss Grinder. Grinder hits you but does no damage.
You feel much better.
Grinder blinks!
You regained 19 hp, and now have 28/71 hp.
You closely miss Grinder. Grinder gestures at you.
Pain shoots through your body!
You take 5 damage, and have 23/71 hp.
You feel very buoyant.
You fly up into the air.
Grinder hits you.
* * * LOW HITPOINT WARNING * * *
You writhe in agony.
* * * LOW HITPOINT WARNING * * *
You take 10 damage, and have 13/71 hp.
Grinder blinks!
A mysterious force pulls you upwards. The hatch slams shut behind you.
Natasha, Servant of Life and Death comes into view.
You can't go down here!
You feel yourself speed up.
Natasha hisses angrily.
Grinder closely misses you.
Unknown command.
Grinder hits you.
* * * LOW HITPOINT WARNING * * *
You writhe in agony.
* * * LOW HITPOINT WARNING * * *
Natasha closely misses you.
You take 4 damage, and have 9/71 hp.
You slash Natasha! You barely miss Grinder. Grinder gestures at you.
Pain shoots through your body!
* * * LOW HITPOINT WARNING * * *
You take 4 damage, and have 5/71 hp.
You hit Grinder. You closely miss Natasha.
Natasha claws you but does no damage.
You barely miss Grinder. You hit Natasha.
You kill Natasha!
Okawaru accepts your kill.
You feel Natasha's spirit has finally been put to rest.
Grinder gestures at you. Pain shoots through your body!
You die...

#.######.# ##...# #.# #
#........### #.######### #
#######....# #.###⌠#_#.####
###.##÷#### #÷8.#.#.#.#.⌠#
## #.........#
###............# .#
#.#######.###.(...........8#
.#####.#
#.......8.#.#.#.#._#
.......#
#.#########_#.#.#.##
.####.<# #.†@....###########
.# ##.# #.5..........# ##
#.# #.############
#.#######.# #.........#
###########


You could see Grinder.

Vanquished Creatures
  The ghost of Vorshek the Grasshopper, an amateur GnWr of Okawaru (D:3)
  Sigmund (D:3)
  An ice beast (D:3)
  A phantom (D:2)
  An ogre (D:4)
  A hound (D:4)
  Natasha (thrice) (D:3)
  Robin (D:4)
  4 adders
  3 worms (D:2)
  4 dart slugs (D:1)
  3 leopard geckos
  8 orcs
  5 giant cockroaches
  10 goblins
  12 hobgoblins
  3 jackals (D:3)
  5 kobolds
  3 quokkas (D:2)
  A ball python (D:3)
  A ball python skeleton (D:4)
  10 bats
  7 frilled lizards
  A jackal skeleton (D:4)
  12 rats
102 creatures vanquished.

Notes
Turn   | Place    | Note
-------+----------+-------------------------------------------
     0 | D:1      | shakethe the Hill Orc Gladiator began the quest for the Orb.
     0 | D:1      | Reached XP level 1. HP: 18/18 MP: 1/1
    59 | D:1      | Reached XP level 2. HP: 21/25 MP: 2/2
   134 | D:1      | Reached skill level 3 in Fighting
   229 | D:1      | Reached skill level 5 in Axes
   275 | D:1      | Reached XP level 3. HP: 29/31 MP: 3/3
  1139 | D:2      | Reached XP level 4. HP: 14/38 MP: 4/4
  1161 | D:2      | HP: 9/38 [poisoned by an adder]
  1775 | D:2      | Reached skill level 6 in Axes
  1858 | D:2      | Found a snail-covered altar of Cheibriados.
  2127 | D:2      | Found a blossoming altar of Fedhas.
  2392 | D:3      | Noticed a phantom
  2403 | D:3      | Noticed Sigmund
  2404 | D:3      | HP: 10/40 [phantom (6)]
  2410 | D:2      | HP: 7/40 [orc/flail (4)]
  2688 | D:2      | Killed a phantom
  2688 | D:2      | Reached skill level 4 in Fighting
  2688 | D:2      | Reached skill level 7 in Axes
  2688 | D:2      | Reached XP level 5. HP: 20/47 MP: 5/5
  2880 | D:3      | Killed Sigmund
  2880 | D:3      | Reached skill level 5 in Fighting
  2880 | D:3      | Reached skill level 8 in Axes
  2880 | D:3      | Reached XP level 6. HP: 41/56 MP: 6/6
  2908 | D:3      | Noticed an ice beast
  2965 | D:3      | Killed an ice beast
  2965 | D:3      | Reached XP level 7. HP: 33/61 MP: 7/7
  3273 | D:3      | Found a burning altar of Makhleb.
  3280 | D:3      | Found an ornate altar of the Wu Jian Council.
  3280 | D:3      | Found a shimmering altar of Xom.
  3400 | D:3      | Noticed Vorshek's ghost (amateur GnWr)
  3484 | D:3      | Noticed Natasha
  3490 | D:3      | Killed Natasha
  3568 | D:3      | Killed Vorshek's ghost
  3568 | D:3      | Reached skill level 6 in Fighting
  3568 | D:3      | Reached skill level 9 in Axes
  4022 | D:3      | Noticed Natasha
  4026 | D:3      | Killed Natasha
  4099 | D:4      | Noticed Robin
  4119 | D:4      | Killed Robin
  4237 | D:4      | Reached skill level 10 in Axes
  4237 | D:4      | Reached XP level 8. HP: 52/71 MP: 8/8
  4350 | D:4      | Found a burning altar of Makhleb.
  4391 | D:4      | Found a staircase to the Ecumenical Temple.
  4404 | Temple   | Entered the Ecumenical Temple
  4569 | Temple   | Became a worshipper of Warmaster Okawaru
  4683 | D:4      | Noticed Grinder
  4701 | D:4      | HP: 8/71 [Grinder/nerve-wracking pain (13)]
  4706 | D:4      | HP: 15/71 [Grinder (8)]
  4713 | D:3      | Noticed Natasha
  4714 | D:3      | HP: 12/71 [Grinder (2)]
  4715 | D:3      | HP: 5/71 [Grinder/nerve-wracking pain (4)]
  4717 | D:3      | Killed Natasha
  4717 | D:3      | Killed from afar by Grinder

Skill      XL: |  1  2  3  4  5  6  7 |
---------------+----------------------+-----
Fighting       | 3 4 5 6 |  6.5
Axes           | 5 7 8 10 | 10.2
Throwing       | |  1.7
Dodging        | |  2.4

Action                   |  1- 3 |  4- 6 |  7- 9 || total
-------------------------+-------+-------+-------++-------
Melee: War axe           |   130 |   106 |   159 ||   395
Evoke: Wand              |       |       |     4 ||     4
  Use: Scroll            |     2 |       |       ||     2
       Potion            |       |       |     4 ||     4
  Eat: Chunk             |     1 |     4 |     7 ||    12
Armor: Leather armour    |    57 |       |       ||    57
       Ring mail         |     8 |    30 |    41 ||    79
Dodge: Dodged            |   134 |    63 |    76 ||   273

Vault maps used:
D:1:      lemuel_arrival_river_ford
D:2:      cheibriados_altar_1, fedhas_altar_fruit_tree
D:3:      minitemple, uniq_sigmund, uniq_natasha
D:4:      minmay_temple_entry_mist, first_ration,
          hangedman_abyss_or_decor_passed, makhleb_blood_cavern_becter,
          uniq_grinder, uniq_robin
Temple:   nicolae_temple_figure_eight

Table legend:
 A = Turns spent in this place as a percentage of turns spent in the entire game.
 B = Non-inter-level travel turns spent in this place as a percentage of non-inter-level travel turns spent in the entire game.
 C = Inter-level travel turns spent in this place as a percentage of turns spent in this place.
 D = Turns resting spent in this place as a percentage of non-inter-level travel turns spent in this place.
 E = Turns spent auto-exploring this place as a percentage of non-inter-level travel turns spent in this place.
 F = Non-inter-level travel turns spent in this place divided by the number of levels of this place that you've seen.
                   A       B       C       D       E      F
               +-------+-------+-------+-------+-------+----------------------
         Total | 100.0 | 100.0 |   1.3 |  24.5 |  53.7 | 930.8
       Dungeon |  95.6 |  95.6 |   1.4 |  25.6 |  52.8 | 1112.0
        Temple |   4.4 |   4.4 |   0.0 |   0.0 |  73.3 | 206.0
               +-------+-------+-------+-------+-------+----------------------

Table legend:
 A = Kills in this place as a percentage of kills in entire the game.
 B = Kills by you in this place as a percentage of kills by you in the entire game.
 C = Kills by friends in this place as a percentage of kills by friends in the entire game.
 D = Other kills in this place as a percentage of other kills in the entire game.
 E = Experience gained in this place as a percentage of experience gained in the entire game.
 F = Experience gained in this place divided by the number of levels of this place that you have seen.
                   A       B       C       D       E      F
               +-------+-------+-------+-------+-------+----------------------
         Total | 100.0 | 100.0 |   N/A |   N/A | 100.0 | 256.2
       Dungeon | 100.0 | 100.0 |   N/A |   N/A | 100.0 | 320.2
               +-------+-------+-------+-------+-------+----------------------
